 Dungeon Crawl Stone Soup version 0.30-a0-222-ge547ba4400 (webtiles) character file.

Game seed: 4161277917982600212

1186 Morbidden the Ruffian (level 8, -4/72 HPs)
             Began as a Troll Transmuter on Oct 8, 2022.
             Was a Follower of Cheibriados.
             Slain by a killer bee (8 damage)
             ... on level 7 of the Dungeon.
             The game lasted 00:06:30 (4301 turns).

Morbidden the Ruffian (Troll Transmuter)            Turns: 4301, Time: 00:06:32

Health: -4/72      AC:  5    Str: 21    XL:     8   Next: 19%
Magic:  19/19      EV: 11    Int: 13    God:    Cheibriados [*.....]
Gold:   43         SH:  0    Dex: 20    Spells: 6/11 levels left

rFire   . . .      SeeInvis .      - Unarmed
rCold   . . .      Faith    .    (no shield)
rNeg    . . .      Spirit   .    w - +1 robe "Faczen" {Fly MP+9 Dex+8 Slay+3}
rPois   .          Reflect  .    (helmet restricted)
rElec   .          Harm     .    (no cloak)
rCorr   .          Rampage  .    (gloves unavailable)
Will    .....                    (boots unavailable)
Stlth   ++........               (no amulet)
HPRegen 1.12/turn                (no ring)
MPRegen 0.16/turn                (no ring)

@: lethally poisoned (-4 -> -11), flying, studying Transmutations, very slow
A: large, unfitting armour, claws 3, regeneration 1, shaggy fur 1, tough skin 1
a: Renounce Religion, Bend Time


You were on level 7 of the Dungeon.
You worshipped Cheibriados.
Cheibriados was aware of your devotion.
You visited 2 branches of the dungeon, and saw 7 of its levels.

You collected 179 gold pieces.
You spent 136 gold pieces at shops.

Inventory:

Missiles
 n - 3 boomerangs
 t - 2 throwing nets
Armour
 w - the +1 robe "Faczen" (worn) {Fly MP+9 Dex+8 Slay+3}
   (You bought it in a shop on level 1 of the Dungeon)

   Dex:       It affects your dexterity (+8).
   Slay:      It affects your accuracy & damage with ranged weapons and melee
   (+3).
   MP:        It affects your magic capacity (+9).
   Fly:       It grants you flight.
Wands
 s - a wand of paralysis (8)
 v - a wand of flame (13)
Scrolls
 i - a scroll of poison
 k - a scroll of fog
 m - 3 scrolls of amnesia
 q - 3 scrolls of enchant weapon {unknown}
 r - a scroll of immolation {unknown}
 u - a scroll of enchant armour {unknown}
Potions
 b - a potion of heal wounds {unknown}
 d - a potion of cancellation
 e - a potion of haste {unknown}
 f - 2 potions of degeneration
 h - a potion of brilliance
 j - a potion of attraction {unknown}
 l - 3 potions of curing
 o - 2 potions of flight


   Skills:
 * Level 2.1 Fighting
 * Level 3.1 Dodging
 + Level 0.6 Stealth
 * Level 7.0 Unarmed Combat
 * Level 2.3 Spellcasting
 * Level 2.5 Transmutations
 * Level 2.1 Ice Magic
 * Level 1.5 Invocations


You had 6 spell levels left.
You knew the following spells:

 Your Spells              Type           Power      Damage    Failure   Level
a - Beastly Appendage     Tmut           16%        N/A       9%          1
b - Ice Form              Ice/Tmut       7%         N/A       67%         4

Your spell library contained the following spells:

 Spells                   Type           Power      Damage    Failure   Level
 Wereblood                Tmut           8%         N/A       13%         2
 Foxfire                  Conj/Fire      4%         2x1d4     24%         1
 Spider Form              Tmut/Pois      4%         N/A       41%         3
 Animate Dead             Necr           1%         N/A       94%         4
 Haunt                    Necr/Summ      0%         N/A       100%        7
 Infestation              Necr           0%         N/A       100%        8


Dungeon Overview and Level Annotations

Branches:
Dungeon (7/15)             Temple (1/1) D:4

Altars:
Ashenzari
Cheibriados
Dithmenos
Elyvilon
Gozag
Hepliaklqana
Kikubaaqudgha
Makhleb
Nemelex Xobeh
Qazlal
Ru
Sif Muna
Trog
Uskayaw
Wu Jian
Ignis

Shops:
D:1 [   D:2 [

Annotations:
D:5 1 runed translucent door, Crazy Yiuf


Innate Abilities, Weirdness & Mutations

You are too large for most types of armour.
You have claws for hands.
Your natural rate of healing is unusually fast.
You are covered in fur. (AC +1)
You have tough skin. (AC +1)


Message History

The orc attacks as you move away! The orc barely misses you.
The killer bee barely misses you. The killer bee stings you. x2
You are poisoned.
The killer bee poisons you!
There is an open door here.
The killer bee attacks as you move away!
The killer bee stings you but does no damage.
You feel very sick. The killer bee stings you.
The killer bee completely misses you.
Unknown command.
Unknown command.
Okay, then.
The air fills with toxic fumes!
As you read the scroll labelled BITEZE XOLIJAD, it crumbles to dust.
It was a scroll of poison.
You feel sick. The killer bee stings you. x2
* * * LOW HITPOINT WARNING * * *
The killer bee closely misses you. The killer bee stings you.
* * * LOW HITPOINT WARNING * * *
Unknown command.
Unknown command.
Unknown command.
You feel better. The killer bee stings you.
* * * LOW HITPOINT WARNING * * *
You are poisoned.
The killer bee poisons you! The killer bee misses you.
The killer bee stings you but does no damage.
The killer bee stings you!
* * * LOW HITPOINT WARNING * * *
You are more poisoned.
The killer bee poisons you!
Unknown command.
Unknown command.
Unknown command.
As you read the scroll labelled ALEQOU POCZOAKAOCI, it crumbles to dust.
The scroll dissolves into smoke.
It was a scroll of fog.
You feel sick. The killer bee closely misses you. The killer bee stings you.
* * * LOW HITPOINT WARNING * * *
You are lethally poisoned!
The killer bee poisons you! The killer bee stings you!
You die...

*,,,,,*,,,,,,,,,,,,,,,*,,,,,,,,,,
*,,,,,*,,,,,,,,,,,,,,,*,,,,,,*,,,
*,,,,,#.............,,*,,,,,,*,,,
*,,,,,#............,,,*,,,,,,*,,,
*,,,,,#...........,,,,*,,,,,,*,,,
*,,,,,#......oo..,,,,,*,,,,,,*,,,
*,,,,,#.........,,,,,,*,,,,,,*,,,
******#.....ooy########§,,,,,*,,,
#........#@§§§§§§§,,,,,*,,,
#..§§§§yyyy§§§§§§§,,,,,+,,,
#..§§§§§o#§§§§§§§§,,,,,*,,,
#..§§§§§§####+###§,,,,,*,,,
******#..§§§§§........#,,,,,,*,,,
,,,,,,...§§§§§........####****,,,
,,,,,,...§§§§..............,,,,,,
,,,,,,...§§§§..............,,,,,,
,,,,,,.######'#............,,,,,,


You could see 3 killer bees and an orc.

Vanquished Creatures
  Grinder (D:4)
  Sigmund (D:4)
  A steam dragon (D:4)
  A black bear (D:4)
  A phantom (D:5)
  Blork the orc (D:4)
  A gnoll sergeant (D:7)
  2 hounds (D:4)
  2 iguanas
  An orc wizard (D:4)
  Ijyb (D:4)
  7 adders
  3 gnolls (D:7)
  2 ufetubi
  4 worms
  3 dart slugs
  4 orcs
  6 bats
  9 endoplasms
  3 giant cockroaches
  8 hobgoblins
  6 quokkas
  10 ball pythons
  3 frilled lizards (D:2)
  3 goblins
  6 kobolds
  7 rats
97 creatures vanquished.

Vanquished Creatures (collateral kills)
  A hound (D:7)
  2 gnolls (D:7)
3 creatures vanquished.

Vanquished Creatures (others)
  An orc wizard (D:4)
1 creature vanquished.

Grand Total: 101 creatures vanquished

Notes
Turn   | Place    | Note
-------+----------+-------------------------------------------
     0 | D:1      | Morbidden the Troll Transmuter began the quest for the Orb.
     0 | D:1      | Reached XP level 1. HP: 18/18 MP: 1/1
    76 | D:1      | Found a faded altar of an unknown god.
    84 | D:1      | Got Plato's Atlas of the Arsonist
   251 | D:1      | Reached XP level 2. HP: 26/26 MP: 2/2
   267 | D:1      | Found Wughil's Antique Armour Shoppe.
   498 | D:1      | Reached skill level 1 in Fighting
   926 | D:2      | Reached XP level 3. HP: 33/33 MP: 4/4
   969 | D:2      | Found Aletosiph's Armour Boutique.
  1051 | D:2      | Reached skill level 4 in Unarmed Combat
  1323 | D:2      | Reached XP level 4. HP: 39/41 MP: 5/5
  2032 | D:4      | Noticed Blork the orc
  2056 | D:3      | Learned a level 4 spell: Ice Form
  2099 | D:4      | Reached XP level 5. HP: 44/48 MP: 4/6
  2177 | D:4      | Noticed Ijyb
  2182 | D:4      | Paralysed by Ijyb for 3 turns
  2187 | D:4      | Paralysed by Ijyb for 4 turns
  2192 | D:4      | Killed Ijyb
  2193 | D:4      | Reached skill level 5 in Unarmed Combat
  2256 | D:4      | Found a staircase to the Ecumenical Temple.
  2292 | Temple   | Entered the Ecumenical Temple
  2358 | Temple   | Became a worshipper of Cheibriados the Contemplative
  2500 | D:4      | Noticed a black bear
  2511 | D:4      | Killed a black bear
  2512 | D:4      | Reached XP level 6. HP: 36/55 MP: 7/7
  2549 | D:4      | Noticed a steam dragon
  2555 | D:4      | Killed a steam dragon
  2598 | D:4      | Killed Blork the orc
  2599 | D:4      | Reached skill level 6 in Unarmed Combat
  2599 | D:4      | Reached XP level 7. HP: 34/63 MP: 9/9
  2609 | D:4      | Found a shadowy altar of Dithmenos.
  2631 | D:4      | Found a shimmering blue altar of Sif Muna.
  2686 | D:4      | Reached skill level 1 in Ice Magic
  2945 | D:4      | Noticed Grinder
  2950 | D:4      | Paralysed by Grinder for 5 turns
  2967 | D:4      | Paralysed by Grinder for 5 turns
  2975 | D:4      | Killed Grinder
  2976 | D:4      | Reached skill level 1 in Invocations
  3429 | D:4      | Noticed Sigmund
  3438 | D:4      | Killed Sigmund
  3833 | D:1      | Bought a faintly humming robe for 136 gold pieces
  3833 | D:1      | Identified the +1 robe "Faczen" {Fly MP+9 Dex+8 Slay+3}
                  | (You bought it in a shop on level 1 of the Dungeon)
  3974 | D:5      | Entered Level 5 of the Dungeon
  4076 | D:5      | Found a runed translucent door.
  4077 | D:5      | Noticed Crazy Yiuf
  4110 | D:5      | Reached XP level 8. HP: 53/72 MP: 10/10
  4148 | D:5      | You are sucked into a shaft and drop 2 floors!
  4176 | D:7      | Reached * piety under Cheibriados
  4199 | D:7      | Found an opulent altar of Gozag.
  4208 | D:7      | Reached skill level 7 in Unarmed Combat
  4301 | D:7      | Slain by a killer bee

Illustrated notes

Levels and vault maps discovered:
D:1:      tarquinn_simple_flora_water_d, layout_basic, serial_shops,
          shop_fountains, shapermc_ecumenical_altar_rom_forum, st_stairs_12
D:2:      kennysheep_six_static_rooms, layout_loops_ring, serial_shops,
          nicolae_shop_behind_doors
D:3:      layout_rooms, minivault_11
D:4:      minmay_evil_eye, layout_layer_cave, mainiacjoe_overflow_alcove_2,
          mainiacjoe_overflow_six_doors_small, minmay_temple_entry_mist,
          uniq_ijyb, uniq_sigmund, uniq_blork_the_orc, uniq_grinder
D:5:      layout_loops_cross, mainiacjoe_overflow_paths, tso_oasis_becter,
          serial_bayou_crossing, uniq_crazy_yiuf_cottage
D:7:      layout_gridville, mainiacjoe_overflow_small_starburst,
          old_standard_altar, enter_bailey_5
Temple:   ebering_untended_altars

Skill      XL: |  1  2  3  4  5  6  7  8 |
---------------+-------------------------+-----
Fighting       | 1 2 |  2.1
Unarmed Combat | 4 5 6 7 |  7.0
Dodging        | 2 3 |  3.1
Spellcasting   | 2 |  2.3
Transmutations | 2 |  2.5
Ice Magic      | 1 2 |  2.1
Invocations    | 1 |  1.5
Stealth        | |  0.6

Action                   |  1- 3 |  4- 6 |  7- 9 || total
-------------------------+-------+-------+-------++-------
Melee: Unarmed           |   101 |   113 |    62 ||   276
       Punch             |       |     6 |     2 ||     8
       Kick              |       |     2 |     5 ||     7
       Headbutt          |       |     1 |     3 ||     4
 Cast: Beastly Appendage |       |     3 |     3 ||     6
Evoke: Wand              |       |       |     1 ||     1
  Use: Scroll            |       |       |    10 ||    10
       Potion            |       |       |     2 ||     2
 Stab: Sleeping          |       |     1 |       ||     1
       Paralysed         |       |       |     2 ||     2
Armor: Robe              |    33 |    29 |    21 ||    83
       Skin              |       |       |     3 ||     3
Dodge: Dodged            |    52 |    44 |    45 ||   141

Table legend: (Time is in decaauts)
 A = Elapsed time spent in this place.
 B = Non-inter-level travel time spent in this place.
 C = Inter-level travel time spent in this place.
 D = Time resting spent in this place.
 E = Time spent auto-exploring this place.
 F = Levels seen in this place.
 G = Mean time per level.
                   A        B        C        D        E       F      G
               +--------+--------+--------+--------+--------+-----+--------+
         Total |   4714 |   4417 |    297 |    295 |   3279 |   7 |  673.4 |
       Dungeon |   4636 |   4349 |    287 |    295 |   3231 |   6 |  772.7 |
        Temple |     78 |     68 |     10 |      0 |     48 |   1 |   78.0 |
               +--------+--------+--------+--------+--------+-----+--------+

Top non-repeatable levels by time:
     D:4: 1993 daAuts
     D:2: 872 daAuts
     D:1: 870 daAuts
     D:3: 497 daAuts
     D:5: 209 daAuts
     D:7: 194 daAuts
  Temple: 78 daAuts
